BSA
ST. LOUIS BROWNS @ BEECH MOUNTAIN MOUNTAINEERS
09/12/2027
 
TOP OF THE 1ST
St. Louis Browns batting - Pitching for Hendersonville Hitmen : RHP Mang Tow
Pitching: RHP Mang Tow
Batting: SHB Ryobe Yamamoto 0-0: Foul Ball, location: 2F
0-1: Ball
1-1: Ball
2-1: Called Strike
2-2: Fly out, F7 (Flyball, 7S)
Batting: RHB José Flores 0-0: Ball
1-0: Called Strike
1-1: Ball
2-1: Ball
3-1: Called Strike
3-2: Ground out 4-3 (Groundball, 4)
Batting: LHB Jorge Torres 0-0: SINGLE (Groundball, 34D)
Batting: LHB Robin Hill 0-0: Ball
1-0: Ball
2-0: SINGLE (Groundball, 34) (infield hit)
Jorge Torres to second
Batting: LHB Stan Hickman 0-0: Ball
1-0: Foul Ball, location: 2F
1-1: Swinging Strike
1-2: Foul Ball, location: 2F
1-2: Ball
2-2: DOUBLE (Line Drive, 8RXD)
Jorge Torres scores
Robin Hill to third
Runner from 3rd tries for Home, throw and OUT!
Top of the 1st over - 1 run(s), 3 hit(s), 0 error(s), 1 left on base; St. Louis 1 - Hendersonville 0
BOTTOM OF THE 1ST
Hendersonville Hitmen batting - Pitching for St. Louis Browns : RHP Nelson Ortega
Pitching: RHP Nelson Ortega
Batting: RHB Jesús Cruz 0-0: Ball
1-0: Ball
2-0: Ground out 5-3 (Groundball, 56S)
Batting: RHB António Zúńiga 0-0: Swinging Strike
0-1: Swinging Strike
0-2: Ball
1-2: Strikes out looking
Batting: RHB Eduardo García 0-0: Foul Ball, location: 2F
0-1: Foul Ball, location: 2F
0-2: Foul Ball, location: 2F
0-2: Foul Ball, location: 2F
0-2: Ball
1-2: Strikes out swinging
Bottom of the 1st over - 0 run(s), 0 hit(s), 0 error(s), 0 left on base; St. Louis 1 - Hendersonville 0
TOP OF THE 2ND
St. Louis Browns batting - Pitching for Hendersonville Hitmen : RHP Mang Tow
Batting: RHB Anthony Rucker 0-0: Ball
1-0: Bunt for hit - play at first, batter OUT! 1-3
Batting: RHB Adrian Prouse 0-0: Called Strike
0-1: Ball
1-1: Ground out 4-3 (Groundball, 4)
Batting: LHB Tommy Evans 0-0: Ball
1-0: Called Strike
1-1: Called Strike
1-2: SINGLE (Groundball, 4MD)
Batting: LHB Pepe Vázquez 0-0: Called Strike
0-1: Ball
1-1: Called Strike
1-2: Foul Ball, location: 2F
1-2: Strikes out swinging
Top of the 2nd over - 0 run(s), 1 hit(s), 0 error(s), 1 left on base; St. Louis 1 - Hendersonville 0
BOTTOM OF THE 2ND
Hendersonville Hitmen batting - Pitching for St. Louis Browns : RHP Nelson Ortega
Batting: LHB Tony Abete 0-0: Ball
1-0: Fly out, F6 (Line Drive, 6)
Batting: SHB David Johnstone 0-0: Foul Ball, location: 2F
0-1: Called Strike
0-2: Ball
1-2: Ball
2-2: Foul Ball, location: 2F
2-2: Strikes out swinging
Batting: RHB Felipe Rivera 0-0: Called Strike
0-1: Ground out 6-3 (Groundball, 6M)
Bottom of the 2nd over - 0 run(s), 0 hit(s), 0 error(s), 0 left on base; St. Louis 1 - Hendersonville 0
TOP OF THE 3RD
St. Louis Browns batting - Pitching for Hendersonville Hitmen : RHP Mang Tow
Batting: SHB Ryobe Yamamoto 0-0: Ball
1-0: Foul Ball, location: 2F
1-1: Ball
2-1: Foul Ball, location: 2F
2-2: SINGLE (Groundball, 56D)
Batting: RHB José Flores 0-0: Ball
1-0: Foul Ball, location: 2F
1-1: Called Strike
1-2: Ball
2-2: Fly out, F7 (Line Drive, 78S)
Now in LF: Pedro Gonzáles
Batting: LHB Jorge Torres 0-0: Ball
1-0: Swinging Strike
1-1: Foul Ball, location: 2F
1-2: Fly out, F9 (Flyball, 9S)
Batting: LHB Robin Hill 0-0: Ball
1-0: Ball
2-0: SINGLE (Line Drive, 4MD)
Ryobe Yamamoto to second
Batting: LHB Stan Hickman 0-0: Ball
1-0: Foul Ball, location: 2F
1-1: Fly out, F7 (Flyball, 7D)
Top of the 3rd over - 0 run(s), 2 hit(s), 0 error(s), 2 left on base; St. Louis 1 - Hendersonville 0
BOTTOM OF THE 3RD
Hendersonville Hitmen batting - Pitching for St. Louis Browns : RHP Nelson Ortega
Batting: SHB Rick Turner 0-0: Called Strike
0-1: Ball
1-1: Ground out 6-3 (Groundball, 6)
Batting: RHB Sugita Ito 0-0: Swinging Strike
0-1: Foul Ball, location: 2F
0-2: Foul Ball, location: 2F
0-2: Ball
1-2: Foul Ball, location: 2F
1-2: Ball
2-2: Foul Ball, location: 2F
2-2: Foul Ball, location: 2F
2-2: Ball
3-2: Foul Ball, location: 2F
3-2: Fly out, F9 (Flyball, 89M)
Batting: LHB Jerry Johnston 0-0: Ball
1-0: Called Strike
1-1: Ground out U3 (Groundball, 3)
Bottom of the 3rd over - 0 run(s), 0 hit(s), 0 error(s), 0 left on base; St. Louis 1 - Hendersonville 0
TOP OF THE 4TH
St. Louis Browns batting - Pitching for Hendersonville Hitmen : RHP Mang Tow
Batting: RHB Anthony Rucker 0-0: Ball
1-0: Swinging Strike
1-1: Ball
2-1: Ball
3-1: Foul Ball, location: 2F
3-2: Foul Ball, location: 2F
3-2: Strikes out swinging
Batting: RHB Adrian Prouse 0-0: Called Strike
0-1: Fly out, F9 (Flyball, 9LS)
Batting: LHB Tommy Evans 0-0: Ball
1-0: Ball
2-0: Ground out 5-3 (Groundball, 56S)
Top of the 4th over - 0 run(s), 0 hit(s), 0 error(s), 0 left on base; St. Louis 1 - Hendersonville 0
BOTTOM OF THE 4TH
Hendersonville Hitmen batting - Pitching for St. Louis Browns : RHP Nelson Ortega
Batting: RHB Jesús Cruz 0-0: Ground out 6-3 (Groundball, 6)
Batting: LHB Pedro Gonzáles 0-0: Ball
1-0: Foul Ball, location: 2F
1-1: Foul Ball, location: 2F
1-2: Ball
2-2: Foul Ball, location: 2F
2-2: Ground out 1-3 (Groundball, 15)
Batting: RHB Eduardo García 0-0: Called Strike
0-1: Foul Ball, location: 2F
0-2: Ball
1-2: Ball
2-2: Ball
3-2: SOLO HOME RUN (Flyball, 7LD), Distance : 361 ft
Batting: LHB Tony Abete 0-0: Ball
1-0: Called Strike
1-1: Ball
2-1: Foul Ball, location: 2F
2-2: Fly out, F3 (Popup, 3L)
Bottom of the 4th over - 1 run(s), 1 hit(s), 0 error(s), 0 left on base; St. Louis 1 - Hendersonville 1
TOP OF THE 5TH
St. Louis Browns batting - Pitching for Hendersonville Hitmen : RHP Mang Tow
Batting: LHB Pepe Vázquez 0-0: Ball
1-0: Ball
2-0: Ball
3-0: Base on Balls
Batting: SHB Ryobe Yamamoto 0-0: Called Strike
Pepe Vázquez steals 2nd base
0-1: Ball
1-1: Ball
2-1: Swinging Strike
2-2: Ground out 6-3 (Groundball, 6)
Batting: RHB José Flores 0-0: Ball
1-0: Ball
2-0: Swinging Strike
2-1: SINGLE (Groundball, 34D)
Pepe Vázquez to third
Batting: LHB Jorge Torres 0-0: Ball
1-0: Swinging Strike
1-1: Swinging Strike
1-2: Ground out 4-3 (Groundball, 34)
Pepe Vázquez scores
José Flores to second
Batting: LHB Robin Hill 0-0: Called Strike
0-1: Foul Ball, location: 2F
0-2: Foul Ball, location: 2F
0-2: Ball
1-2: Fly out, F7 (Flyball, 7)
Top of the 5th over - 1 run(s), 1 hit(s), 0 error(s), 1 left on base; St. Louis 2 - Hendersonville 1
BOTTOM OF THE 5TH
Hendersonville Hitmen batting - Pitching for St. Louis Browns : RHP Nelson Ortega
Batting: SHB David Johnstone 0-0: Swinging Strike
0-1: Ball
1-1: Ball
2-1: Foul Ball, location: 2F
2-2: Fly out, F7 (Flyball, 7)
Batting: RHB Felipe Rivera 0-0: Called Strike
0-1: Reached on error, E6 (Groundball, 6)
Batting: SHB Rick Turner 0-0: Called Strike
0-1: Called Strike
0-2: Ball
1-2: Foul Ball, location: 2F
1-2: Strikes out swinging
Batting: RHB Sugita Ito 0-0: Swinging Strike
0-1: Ball
1-1: Ball
2-1: Foul Ball, location: 2F
2-2: Ground out 5-3 (Groundball, 56S)
Bottom of the 5th over - 0 run(s), 0 hit(s), 1 error(s), 1 left on base; St. Louis 2 - Hendersonville 1
TOP OF THE 6TH
St. Louis Browns batting - Pitching for Hendersonville Hitmen : RHP Mang Tow
Batting: LHB Stan Hickman 0-0: Ball
1-0: Ball
2-0: Ball
3-0: Called Strike
3-1: Ground out 4-3 (Groundball, 4)
Batting: RHB Anthony Rucker 0-0: Called Strike
0-1: Fly out, F9 (Flyball, 89D)
Batting: RHB Adrian Prouse 0-0: DOUBLE (Flyball, 89XD)
Batting: LHB Tommy Evans 0-0: Ball
1-0: Ball
2-0: Ball
3-0: Base on Balls
Batting: LHB Pepe Vázquez 0-0: Ball
1-0: Swinging Strike
1-1: Fly out, F5 (Line Drive, 56)
Top of the 6th over - 0 run(s), 1 hit(s), 0 error(s), 2 left on base; St. Louis 2 - Hendersonville 1
BOTTOM OF THE 6TH
Hendersonville Hitmen batting - Pitching for St. Louis Browns : RHP Nelson Ortega
Batting: LHB Jerry Johnston 0-0: Ball
1-0: Ball
2-0: Ball
3-0: Called Strike
3-1: Foul Ball, location: 2F
3-2: Foul Ball, location: 2F
3-2: Foul Ball, location: 2F
3-2: Ground out 1-3 (Groundball, 15S)
Batting: RHB Jesús Cruz 0-0: Foul Ball, location: 2F
0-1: Ball
1-1: Ball
2-1: Ground out 1-3 (Groundball, 13)
Batting: LHB Pedro Gonzáles 0-0: Ball
1-0: DOUBLE (Line Drive, 89D)
Batting: RHB Eduardo García 0-0: Called Strike
0-1: Ball
1-1: Foul Ball, location: 2F
1-2: Ball
2-2: SINGLE (Line Drive, 6MD)
Pedro Gonzáles to third
Batting: LHB Tony Abete 0-0: Called Strike
0-1: Ball
1-1: Ball
2-1: Ball
3-1: Base on Balls
Eduardo García to second
Batting: SHB David Johnstone 0-0: SINGLE (Groundball, 56D)
Pedro Gonzáles scores
Eduardo García to third
Tony Abete to second
Runner from 3rd tries for Home, SAFE, no throw
Pitching: RHP Beau Brown
Batting: RHB Felipe Rivera 0-0: Fly out, F9 (Flyball, 9S)
Bottom of the 6th over - 2 run(s), 3 hit(s), 0 error(s), 2 left on base; St. Louis 2 - Hendersonville 3
TOP OF THE 7TH
St. Louis Browns batting - Pitching for Hendersonville Hitmen : RHP Mang Tow
Pitching: RHP Jorge Pérez
Batting: SHB Ryobe Yamamoto 0-0: Ground out U3 (Groundball, 34)
Batting: RHB José Flores 0-0: Ball
1-0: Called Strike
1-1: Foul Ball, location: 2F
1-2: Strikes out swinging
Batting: LHB Jorge Torres 0-0: Fly out, F9 (Flyball, 9LM)
Top of the 7th over - 0 run(s), 0 hit(s), 0 error(s), 0 left on base; St. Louis 2 - Hendersonville 3
BOTTOM OF THE 7TH
Hendersonville Hitmen batting - Pitching for St. Louis Browns : RHP Beau Brown
Batting: SHB Rick Turner 0-0: Ball
1-0: Fly out, F7 (Flyball, 7S)
Pitching: RHP Ramón Silva
Batting: RHB Sugita Ito 0-0: DOUBLE (Line Drive, 7LM)
Batting: LHB Jerry Johnston 0-0: Intentional Walk
Pinch Hitting: LHB José Flores 0-0: Called Strike
0-1: Swinging Strike
0-2: Strikes out looking
Pitching: LHP Santiago Valentín
Pinch Hitting: RHB Lonson Seals 0-0: Called Strike
0-1: Fielders Choice at 2nd, 5-4 (Groundball, 56)
Bottom of the 7th over - 0 run(s), 1 hit(s), 0 error(s), 1 left on base; St. Louis 2 - Hendersonville 3
TOP OF THE 8TH
St. Louis Browns batting - Pitching for Hendersonville Hitmen : RHP Jorge Pérez
Pitching: RHP Junior Mateo
Now at 2B: Lonson Seals
Now in LF: José Flores
Batting: LHB Robin Hill 0-0: Foul Ball, location: 2F
0-1: Ball
1-1: Fly out, F8 (Flyball, 8LS)
Batting: LHB Stan Hickman 0-0: Ball
1-0: Foul Ball, location: 2F
1-1: Ball
2-1: Ball
3-1: Base on Balls
Batting: RHB Anthony Rucker 0-0: DOUBLE (Line Drive, 9LM)
Stan Hickman to third
Batting: RHB Adrian Prouse 0-0: Called Strike
0-1: Ball
1-1: Swinging Strike
1-2: Ground out 1-3 (Groundball, 15S)
Batting: LHB Tommy Evans 0-0: Ball
1-0: Ball
2-0: Called Strike
2-1: Swinging Strike
2-2: Foul Ball, location: 2F
2-2: Ball
3-2: Foul Ball, location: 2F
3-2: Strikes out swinging
Top of the 8th over - 0 run(s), 1 hit(s), 0 error(s), 2 left on base; St. Louis 2 - Hendersonville 3
BOTTOM OF THE 8TH
Hendersonville Hitmen batting - Pitching for St. Louis Browns : LHP Santiago Valentín
Batting: RHB Eduardo García 0-0: Swinging Strike
0-1: Ground out U3 (Groundball, 34S)
Pitching: LHP Brent Miller
Batting: LHB Tony Abete 0-0: Ball
1-0: Foul Ball, location: 2F
1-1: Ball
2-1: Called Strike
2-2: Foul Ball, location: 2F
2-2: Ball
3-2: Foul Ball, location: 2F
3-2: Base on Balls
Batting: SHB David Johnstone 0-0: Ball
1-0: Called Strike
1-1: Ball
2-1: Fly out, F7 (Flyball, 78M)
Batting: RHB Felipe Rivera 0-0: Called Strike
0-1: Called Strike
Tony Abete steals 2nd base
0-2: Strikes out swinging
Bottom of the 8th over - 0 run(s), 0 hit(s), 0 error(s), 1 left on base; St. Louis 2 - Hendersonville 3
TOP OF THE 9TH
St. Louis Browns batting - Pitching for Hendersonville Hitmen : RHP Junior Mateo
Pitching: RHP Tony Murillo
Now at 1B: Mal Snyder
Pinch Hitting: LHB Junior Coates 0-0: Called Strike
0-1: DOUBLE (Line Drive, 7D)
Batting: SHB Ryobe Yamamoto 0-0: Called Strike
0-1: Ball
1-1: Ball
2-1: Bunted foul
2-2: Ball
3-2: SINGLE (Line Drive, 56D)
Junior Coates to third
Batting: RHB José Flores 0-0: Called Strike
Ryobe Yamamoto is caught stealing 2nd base
0-1: Foul Ball, location: 2F
0-2: Foul Ball, location: 2F
0-2: Ball
1-2: Strikes out swinging
Pinch Hitting: LHB Joe Sanders 0-0: Ball
1-0: Ball
2-0: Ball
Wild Pitch!
Junior Coates scores
3-0: Base on Balls
Batting: LHB Robin Hill 0-0: Ball
1-0: Ball
2-0: Ball
3-0: Called Strike
3-1: Base on Balls
Joe Sanders to second
Batting: LHB Stan Hickman 0-0: Ball
1-0: Foul Ball, location: 2F
1-1: Ball
2-1: Called Strike
2-2: Ball
3-2: SINGLE (Line Drive, 89S)
Joe Sanders to third
Robin Hill to second
Joe Sanders scores
Robin Hill to third
Pitching: RHP Pepe Vázquez
Batting: RHB Anthony Rucker 0-0: Ball
1-0: Ball
2-0: Ball
3-0: Base on Balls
Stan Hickman to second
Batting: RHB Adrian Prouse 0-0: Ball
1-0: Fielders Choice at 2nd, 4-6 (Groundball, 4)
Top of the 9th over - 2 run(s), 3 hit(s), 0 error(s), 2 left on base; St. Louis 4 - Hendersonville 3
BOTTOM OF THE 9TH
Hendersonville Hitmen batting - Pitching for St. Louis Browns : LHP Brent Miller
Pitching: RHP Kitahachi Okada
Now at C: António Venecia
Now in RF: Junior Coates
Pinch Hitting: LHB Leonard Young 0-0: Foul Ball, location: 2F
0-1: Ground out U3 (Groundball, 2R)
Batting: RHB Sugita Ito 0-0: Ground out 5-3 (Groundball, 56S)
Batting: LHB Jerry Johnston 0-0: Called Strike
0-1: Ball
1-1: Fly out, F4 (Popup, 4)
Bottom of the 9th over - 0 run(s), 0 hit(s), 0 error(s), 0 left on base; St. Louis 4 - Hendersonville 3
Thursday, March 30th, 2017 - OOTP Baseball 17.12 Build 75